cohdb
Replays
Latest Replays
All Replays
Popular Replays
Top Player Replays
Match Explorer
How It Works
Community
CoH3 Stats
Reddit
Sign in to upload your games and track your stats! →
Sign in with Steam
Match 45184411
Unlisted
Match 45184411
Overview
Messages
Build Orders
End
Construct Barracks
Selects Advanced Infantry Battlegroup
Riflemen Squad
Riflemen Squad
1⁄4-ton 4x4 Truck
Riflemen Squad
Riflemen Squad
Selects Ammunition Storage
Air Support Center
Grenade Package
Selects Convert to Ranger Squad
Convert to Ranger Squad
Construct Motor Pool
P-47 Dive Bomb
Engineer Squad
Selects M2A1 105mm Howitzer Emplacement
M24 Chaffee Light Tank
Air Supply
P-47 Strafing Run
P-47 Dive Bomb
P-47 Strafing Run
P-47 Strafing Run
Grasshopper Recon Run
Selects Free Fire Drills
Selects Frontline Medical Station
Construct Tank Depot
P-47 Dive Bomb
M18 Hellcat Tank Destroyer
P-47 Strafing Run
Grasshopper Recon Run
P-47 Dive Bomb
Grasshopper Recon Run
P-47 Dive Bomb
M4A1 Sherman Medium Tank
P-47 Strafing Run
M4A1 Sherman Medium Tank
Engineer Squad
Grasshopper Recon Run
P-47 Strafing Run
M18 Hellcat Tank Destroyer
Riflemen Squad
Grasshopper Recon Run
P-47 Strafing Run
P-47 Dive Bomb
Engineer Squad
M4(105) Sherman Bulldozer
Grasshopper Recon Run
P-47 Dive Bomb
Engineer Squad
P-47 Strafing Run
Grasshopper Recon Run
P-47 Dive Bomb
M18 Hellcat Tank Destroyer
M18 Hellcat Tank Destroyer
Riflemen Squad
P-47 Strafing Run
Grasshopper Recon Run
P-47 Dive Bomb
redfox
DRIP
MtCassino
Smorrebrod
Para_Dilshan
mcgraf_89
Nord
Cuttlefish
0
0
Comments
sign in to comment!
No comments posted yet!